 Dungeon Crawl Stone Soup version 0.21.1-1-g345015f (webtiles) character file.

418 defnotatroll the Shield-Bearer (level 6, -1/39 HPs)
             Began as a Gargoyle Fighter on Feb 25, 2018.
             Slain by sdsc42's ghost (6 damage)
             ... on level 4 of the Dungeon on Feb 26, 2018.
             The game lasted 00:18:33 (3009 turns).

defnotatroll the Shield-Bearer (Gargoyle Fighter)   Turns: 3009, Time: 00:18:33

Health: -1/39      AC: 11    Str: 21    XL:     6   Next: 93%
Magic:  6/6        EV:  8    Int:  9    God:
Gold:   188        SH:  9    Dex:  9    Spells: 5/5 levels left

rFire    . . .     SeeInvis .   a - +0 flail
rCold    . . .     Gourm    +   c - +0 shield
rNeg     + . .     Faith    .   b - +0 scale mail
rPois    ∞         Spirit   .   (no helmet)
rElec    +         Reflect  .   (no cloak)
rCorr    +         Harm     .   (no gloves)
MR       .....                  (no boots)
Stlth    ..........             t - amulet of the gourmand
HPRegen  0.13/turn              v - ring of resist corrosion
MPRegen  0.10/turn              (no ring)

@: no status effects
A: negative energy resistance 1, electricity resistance, unbreathing,
petrification resistance, rot immunity, AC +4
a: no special abilities


You were on level 4 of the Dungeon.
You were not hungry.

You visited 1 branch of the dungeon, and saw 4 of its levels.

You collected 188 gold pieces.

Inventory:

Hand Weapons
 a - a +0 flail (weapon)
Armour
 b - a +0 scale mail (worn)
 c - a +0 shield (worn)
Jewellery
 t - an amulet of the gourmand (around neck)
 v - a ring of resist corrosion (left hand)
Scrolls
 e - 9 scrolls of identify
 h - a scroll of fear {unknown}
 i - 3 scrolls of immolation
 j - 3 scrolls of remove curse
 m - 2 scrolls of amnesia {unknown}
 n - a scroll of magic mapping
 o - a scroll of noise {unknown}
 p - 2 scrolls of teleportation {unknown}
Potions
 d - 5 potions of might
 g - a potion of flight {unknown}
 l - 3 potions of heal wounds {unknown}
 r - a potion of mutation {unknown}
 u - 5 potions of haste {unknown}
Comestibles
 f - 4 rations


   Skills:
 + Level 4.3 Fighting
 + Level 4.3 Maces & Flails
 + Level 4.4 Armour
 + Level 1.5 Dodging
 + Level 0.2 Stealth
 + Level 5.0 Shields


You had 5 spell levels left.
You didn't know any spells.

Dungeon Overview and Level Annotations

Branches:
Dungeon (4/15)
 Temple: D:4-7

Altars:
Makhleb

Annotations:
D:4 sdsc42's ghost, novice DgFi


Innate Abilities, Weirdness & Mutations

You are resistant to torment.
Your stone body is resilient. (AC +4)
You are immune to poison.
You resist negative energy. (rN+)
You are resistant to electric shocks. (rElec)
You can survive without breathing.
You are immune to petrification.
You are immune to rotting.


Message History

Sdsc42's ghost is moderately damaged.
Sdsc42's ghost hits you!
* * * LOW HITPOINT WARNING * * *
You hit sdsc42's ghost but do no damage.
Sdsc42's ghost is lightly damaged.
You block sdsc42's ghost's attack.
Sdsc42's ghost hits you but does no damage.
You sock sdsc42's ghost!
Sdsc42's ghost is moderately damaged.
Sdsc42's ghost hits you.
* * * LOW HITPOINT WARNING * * *
You closely miss sdsc42's ghost.
Sdsc42's ghost is moderately damaged.
You block sdsc42's ghost's attack.
Sdsc42's ghost wails, "To die, to sleep, no more."
Sdsc42's ghost hits you but does no damage.
Sdsc42's ghost makes a sound of rattling chains.
Found a robe.
Sdsc42's ghost hits you.
You die...

#.######## #.........[##
#.............####
#....l. #..@.## ##>....
#######W.### ......
...........##
....[############.....##
#....................#
#...
###.###############.....
#...# #..........#
#..... #..#.#
#..........# ## ......
..... #..(.......### #.
.##.####...#..


You could see sdsc42's ghost.

Vanquished Creatures
  The ghost of unrecovered the Magician, an amateur DECj (D:3)
  A bullfrog (D:4)
  A howler monkey (D:4)
  A hound (D:2)
  Natasha (thrice) (D:3)
  6 adders
  An ooze (D:2)
  5 worms
  A dart slug (D:3)
  4 leopard geckos
  2 orcs
  6 giant cockroaches
  6 goblins
  4 hobgoblins
  6 jackals
  A quokka (D:4)
  7 bats
  8 frilled lizards
  A jackal skeleton (D:4)
  5 kobolds
  6 rats
76 creatures vanquished.

Notes
Turn   | Place    | Note
-------+----------+-------------------------------------------
     0 | D:1      | defnotatroll the Gargoyle Fighter began the quest for the Orb.
     0 | D:1      | Reached XP level 1. HP: 14/14 MP: 1/1
   382 | D:1      | Reached XP level 2. HP: 19/19 MP: 2/2
   520 | D:1      | Reached XP level 3. HP: 13/24 MP: 3/3
  1268 | D:2      | Found a burning altar of Makhleb.
  1299 | D:2      | Reached skill level 4 in Shields
  1299 | D:2      | Reached XP level 4. HP: 29/29 MP: 4/4
  1619 | D:3      | Noticed unrecovered's ghost (amateur DECj)
  1644 | D:3      | Killed unrecovered's ghost
  1644 | D:3      | Reached skill level 1 in Dodging
  1644 | D:3      | Reached XP level 5. HP: 9/33 MP: 5/5
  1720 | D:3      | Noticed Natasha
  1986 | D:3      | Killed Natasha
  2046 | D:3      | Noticed Natasha
  2051 | D:3      | Killed Natasha
  2051 | D:3      | Reached XP level 6. HP: 31/38 MP: 6/6
  2111 | D:3      | Noticed Natasha
  2143 | D:3      | Killed Natasha
  2668 | D:4      | Reached skill level 5 in Shields
  2931 | D:4      | Noticed sdsc42's ghost (novice DgFi)
  3009 | D:4      | Slain by sdsc42's ghost

Skill      XL: |  1  2  3  4  5  6 |
---------------+-------------------+-----
Shields        | 4 5 |  5.0
Maces & Flails | 3 4 |  4.3
Dodging        | 1 |  1.5
Fighting       | 4 |  4.3
Armour         | 4 |  4.4
Stealth        | |  0.2

Action                   |  1- 3 |  4- 6 || total
-------------------------+-------+-------++-------
Melee: Flail             |   167 |   240 ||   407
  Use: Scroll            |     4 |     2 ||     6
       Potion            |       |     4 ||     4
  Eat: Chunk             |     2 |    12 ||    14
       Ration            |       |     1 ||     1
Armor: Scale mail        |   159 |   171 ||   330
Dodge: Dodged            |    88 |   118 ||   206
Block: Shield            |   142 |   158 ||   300
